UNITED STATES PREMIER LEAGUE
CHICAGO GOLD SOX VS BROOKLYN DODGERS
05/15/2014
 
TOP OF THE 1ST
Brooklyn Dodgers batting - Pitching for Chicago Gold Sox : RHP José Galindo
Pitching: RHP José Galindo
Batting: LHB Christian Walls 0-0: Ball
1-0: Called Strike
1-1: SINGLE (Line Drive, 4D)
Batting: LHB Egidio Agnolutto 0-0: Called Strike
0-1: Ball
1-1: Foul Ball, location: 2F
1-2: Foul Ball, location: 2F
1-2: DOUBLE (Line Drive, 7LM)
Christian Walls to third
Batting: RHB Thom Wilcox 0-0: Called Strike
0-1: Ground out 6-3 (Groundball, 6)
Christian Walls scores
Egidio Agnolutto to third
Batting: LHB Ray Sears 0-0: 2-RUN HOME RUN (Line Drive, 9LD), Distance : 348 ft
Batting: LHB Pancho García 0-0: Foul Ball, location: 2F
0-1: Called Strike
0-2: DOUBLE (Flyball, 7LD)
Batting: RHB Ángel Vargas 0-0: Ball
1-0: Ball
2-0: Foul Ball, location: 2F
2-1: Swinging Strike
2-2: Foul Ball, location: 2F
2-2: DOUBLE (Groundball, 5L)
Pancho García scores
Batting: SHB Ted Beck 0-0: Fly out, F8 (Flyball, 8LD)
Batting: RHB Mark Hines 0-0: Ball
1-0: Foul Ball, location: 2F
1-1: Ball
2-1: Ball
3-1: Base on Balls
Batting: RHB Alberto Canseco 0-0: Called Strike
0-1: Fly out, F9 (Flyball, 89M)
Top of the 1st over - 4 run(s), 5 hit(s), 0 error(s), 2 left on base; Brooklyn 4 - Chicago 0
BOTTOM OF THE 1ST
Chicago Gold Sox batting - Pitching for Brooklyn Dodgers : RHP Alberto Canseco
Pitching: RHP Alberto Canseco
Batting: LHB Salvador Vidal 0-0: Called Strike
0-1: Ball
1-1: Foul Ball, location: 2F
1-2: Ball
2-2: Ball
3-2: Foul Ball, location: 2F
3-2: Strikes out swinging
Batting: SHB Brent Gaines 0-0: Called Strike
0-1: DOUBLE (Groundball, 3D)
Batting: RHB John Hill 0-0: Ball
1-0: Ball
2-0: Ground out 5-3 (Groundball, 5S)
Brent Gaines to third
Batting: LHB Vicente Martínez 0-0: Called Strike
0-1: Called Strike
0-2: Strikes out swinging
Bottom of the 1st over - 0 run(s), 1 hit(s), 0 error(s), 1 left on base; Brooklyn 4 - Chicago 0
TOP OF THE 2ND
Brooklyn Dodgers batting - Pitching for Chicago Gold Sox : RHP José Galindo
Batting: LHB Christian Walls 0-0: Called Strike
0-1: Ball
1-1: Called Strike
1-2: Ball
2-2: Strikes out swinging
Batting: LHB Egidio Agnolutto 0-0: Called Strike
0-1: Foul Ball, location: 2F
0-2: Ground out U3 (Groundball, 3)
Batting: RHB Thom Wilcox 0-0: Ball
1-0: Ball
2-0: Called Strike
2-1: SINGLE (Groundball, 56D)
Batting: LHB Ray Sears 0-0: Called Strike
0-1: Foul Ball, location: 2F
0-2: Ball
1-2: Ball
2-2: SINGLE (Groundball, 4MD)
Thom Wilcox to second
Batting: LHB Pancho García 0-0: Called Strike
0-1: Ball
1-1: Called Strike
1-2: Ball
2-2: SINGLE (Line Drive, 4MD)
Thom Wilcox to third
Ray Sears to second
Runner from 3rd tries for Home, throw and OUT!
Top of the 2nd over - 0 run(s), 3 hit(s), 0 error(s), 2 left on base; Brooklyn 4 - Chicago 0
BOTTOM OF THE 2ND
Chicago Gold Sox batting - Pitching for Brooklyn Dodgers : RHP Alberto Canseco
Batting: LHB Earl Ellis 0-0: Ball
1-0: Foul Ball, location: 2F
1-1: Swinging Strike
1-2: Strikes out swinging
Batting: RHB Daniel Lallanilla 0-0: Fly out, F7 (Flyball, 78M)
Batting: LHB Jeff Sharp 0-0: Ground out 4-3 (Groundball, 4)
Bottom of the 2nd over - 0 run(s), 0 hit(s), 0 error(s), 0 left on base; Brooklyn 4 - Chicago 0
TOP OF THE 3RD
Brooklyn Dodgers batting - Pitching for Chicago Gold Sox : RHP José Galindo
Batting: RHB Ángel Vargas 0-0: Foul Ball, location: 2F
0-1: Called Strike
0-2: Ball
1-2: Strikes out swinging
Batting: SHB Ted Beck 0-0: Ball
1-0: Ball
2-0: Ball
3-0: Called Strike
3-1: Base on Balls
Batting: RHB Mark Hines 0-0: Ball
1-0: Ball
2-0: Grounds into double play, 6-4-3 (Groundball, 6)
Top of the 3rd over - 0 run(s), 0 hit(s), 0 error(s), 1 left on base; Brooklyn 4 - Chicago 0
BOTTOM OF THE 3RD
Chicago Gold Sox batting - Pitching for Brooklyn Dodgers : RHP Alberto Canseco
Batting: LHB Ron Goodwin 0-0: Ball
1-0: Fly out, F5 (Line Drive, 5L)
Pinch Hitting: RHB Bryan Armstrong 0-0: Ball
1-0: Fly out, F9 (Flyball, 9S)
Batting: LHB Salvador Vidal 0-0: Called Strike
0-1: Foul Ball, location: 2F
0-2: Ball
1-2: Fly out, F7 (Flyball, 78M)
Bottom of the 3rd over - 0 run(s), 0 hit(s), 0 error(s), 0 left on base; Brooklyn 4 - Chicago 0
TOP OF THE 4TH
Brooklyn Dodgers batting - Pitching for Chicago Gold Sox : RHP José Galindo
Pitching: RHP Ron Kennedy
Batting: RHB Alberto Canseco 0-0: Ball
1-0: Swinging Strike
1-1: Ball
2-1: Called Strike
2-2: Strikes out swinging
Batting: LHB Christian Walls 0-0: Ball
1-0: Called Strike
1-1: Ball
2-1: Ball
3-1: Base on Balls
Batting: LHB Egidio Agnolutto 0-0: TRIPLE (Line Drive, 9LM)
Christian Walls scores
Batting: RHB Thom Wilcox 0-0: Ball
1-0: Ball
2-0: Called Strike
2-1: Ball
3-1: Base on Balls
Batting: LHB Ray Sears 0-0: Fly out, F7 (Flyball, 7LS)
Runner from 3rd tags up, SCORES, throw made
Batting: LHB Pancho García 0-0: Ball
1-0: Ball
2-0: Foul Ball, location: 2F
2-1: Ball
3-1: Base on Balls
Thom Wilcox to second
Batting: RHB Ángel Vargas 0-0: Ball
1-0: Ball
2-0: Ball
3-0: Base on Balls
Thom Wilcox to third
Pancho García to second
Batting: SHB Ted Beck 0-0: Ball
1-0: Foul Ball, location: 2F
1-1: Called Strike
1-2: Ball
2-2: Strikes out swinging
Top of the 4th over - 2 run(s), 1 hit(s), 0 error(s), 3 left on base; Brooklyn 6 - Chicago 0
BOTTOM OF THE 4TH
Chicago Gold Sox batting - Pitching for Brooklyn Dodgers : RHP Alberto Canseco
Batting: SHB Brent Gaines 0-0: Ball
1-0: Called Strike
1-1: Foul Ball, location: 2F
1-2: Foul Ball, location: 2F
1-2: Ball
2-2: Ball
3-2: Foul Ball, location: 2F
3-2: SINGLE (Groundball, 4MD)
Batting: RHB John Hill 0-0: Foul Ball, location: 2F
0-1: Ball
1-1: DOUBLE (Flyball, 9LM)
Brent Gaines to third
Batting: LHB Vicente Martínez 0-0: Foul Ball, location: 2F
0-1: Ball
1-1: Hit by Pitch
Batting: LHB Earl Ellis 0-0: Ball
1-0: Foul Ball, location: 2F
1-1: Ball
2-1: SINGLE (Groundball, 5D)
Brent Gaines scores
John Hill to third
Vicente Martínez to second
Runner from 3rd tries for Home, SAFE, no throw or cutoff
Batting: RHB Daniel Lallanilla 0-0: Fly out, F6 (Popup, 56)
Batting: LHB Jeff Sharp 0-0: Fly out, F7 (Flyball, 7LMF)
Batting: LHB Ron Goodwin 0-0: Called Strike
0-1: Foul Ball, location: 2F
0-2: Foul Ball, location: 2F
0-2: Ball
1-2: Ball
2-2: Fly out, F1 (Line Drive, 15)
Bottom of the 4th over - 2 run(s), 3 hit(s), 0 error(s), 2 left on base; Brooklyn 6 - Chicago 2
TOP OF THE 5TH
Brooklyn Dodgers batting - Pitching for Chicago Gold Sox : RHP Ron Kennedy
Batting: RHB Mark Hines 0-0: Ball
1-0: Ball
2-0: SINGLE (Line Drive, 89S)
Batting: RHB Alberto Canseco 0-0: Sac Bunt - play at first, batter OUT! 1-4
Mark Hines to second
Batting: LHB Christian Walls 0-0: SINGLE (Groundball, 6M)
Mark Hines to third
Batting: LHB Egidio Agnolutto 0-0: Called Strike
Christian Walls steals 2nd base
0-1: Ball
1-1: Ball
2-1: Ground out 4-3 (Groundball, 4)
Mark Hines scores
Christian Walls to third
Pitching: RHP Jim Logan
Batting: RHB Thom Wilcox 0-0: Called Strike
0-1: Ball
1-1: Fly out, F9 (Flyball, 9M)
Top of the 5th over - 1 run(s), 2 hit(s), 0 error(s), 1 left on base; Brooklyn 7 - Chicago 2
BOTTOM OF THE 5TH
Chicago Gold Sox batting - Pitching for Brooklyn Dodgers : RHP Alberto Canseco
Batting: LHB Jim Logan 0-0: Called Strike
0-1: Ball
1-1: Called Strike
1-2: Foul Ball, location: 2F
1-2: Ball
2-2: Ground out U3 (Groundball, 3S)
Batting: LHB Salvador Vidal 0-0: SINGLE (Groundball, 6M)
Batting: SHB Brent Gaines 0-0: Called Strike
0-1: Fly out, F6 (Popup, 5L)
Batting: RHB John Hill 0-0: Ball
1-0: Ball
2-0: Ball
3-0: Base on Balls
Salvador Vidal to second
Batting: LHB Vicente Martínez 0-0: Ball
1-0: Ball
2-0: Called Strike
2-1: Called Strike
2-2: Foul Ball, location: 2F
2-2: Ball
3-2: Foul Ball, location: 2F
3-2: Fly out, F7 (Flyball, 7M)
Bottom of the 5th over - 0 run(s), 1 hit(s), 0 error(s), 2 left on base; Brooklyn 7 - Chicago 2
TOP OF THE 6TH
Brooklyn Dodgers batting - Pitching for Chicago Gold Sox : RHP Jim Logan
Batting: LHB Ray Sears 0-0: Ball
1-0: SOLO HOME RUN (Flyball, 89XD), Distance : 414 ft
Batting: LHB Pancho García 0-0: Ball
1-0: Ball
2-0: Ball
3-0: Called Strike
3-1: Called Strike
3-2: Foul Ball, location: 2F
3-2: Ground out 4-3 (Groundball, 4)
Batting: RHB Ángel Vargas 0-0: Called Strike
0-1: Ball
1-1: Fly out, F9 (Flyball, 9S)
Batting: SHB Ted Beck 0-0: Foul Ball, location: 2F
0-1: SINGLE (Line Drive, 7S)
Batting: RHB Mark Hines 0-0: Ball
1-0: Ball
2-0: Ground out 6-3 (Groundball, 6)
Top of the 6th over - 1 run(s), 2 hit(s), 0 error(s), 1 left on base; Brooklyn 8 - Chicago 2
BOTTOM OF THE 6TH
Chicago Gold Sox batting - Pitching for Brooklyn Dodgers : RHP Alberto Canseco
Batting: LHB Earl Ellis 0-0: Ground out 4-3 (Groundball, 4)
Batting: RHB Daniel Lallanilla 0-0: Ball
1-0: Called Strike
1-1: DOUBLE (Flyball, 9LD)
Batting: LHB Jeff Sharp 0-0: Ball
1-0: Ground out 4-3 (Groundball, 4)
Daniel Lallanilla to third
Batting: LHB Ron Goodwin 0-0: Ball
1-0: Ground out 4-3 (Groundball, 4)
Bottom of the 6th over - 0 run(s), 1 hit(s), 0 error(s), 1 left on base; Brooklyn 8 - Chicago 2
TOP OF THE 7TH
Brooklyn Dodgers batting - Pitching for Chicago Gold Sox : RHP Jim Logan
Batting: RHB Alberto Canseco 0-0: Ball
1-0: Called Strike
1-1: Ball
2-1: Swinging Strike
2-2: Foul Ball, location: 2F
2-2: Strikes out swinging
Batting: LHB Christian Walls 0-0: Ball
1-0: Ball
2-0: Ground out 1-3 (Groundball, 3S)
Batting: LHB Egidio Agnolutto 0-0: Ball
1-0: Called Strike
1-1: Fly out, F9 (Flyball, 9LS)
Top of the 7th over - 0 run(s), 0 hit(s), 0 error(s), 0 left on base; Brooklyn 8 - Chicago 2
BOTTOM OF THE 7TH
Chicago Gold Sox batting - Pitching for Brooklyn Dodgers : RHP Alberto Canseco
Now in LF: Adrián Rodríguez
Pinch Hitting: LHB Carl Nash 0-0: Ball
1-0: Called Strike
1-1: Foul Ball, location: 2F
1-2: Ball
2-2: Strikes out swinging, 2-3 out at first.
Batting: LHB Salvador Vidal 0-0: Ball
1-0: Foul Ball, location: 2F
1-1: Foul Ball, location: 2F
1-2: Foul Ball, location: 2F
1-2: Ball
2-2: Ball
3-2: Foul Ball, location: 2F
3-2: Fly out, F8 (Flyball, 8RM)
Batting: SHB Brent Gaines 0-0: Called Strike
0-1: Ball
1-1: Fly out, F8 (Flyball, 8RM)
Bottom of the 7th over - 0 run(s), 0 hit(s), 0 error(s), 0 left on base; Brooklyn 8 - Chicago 2
TOP OF THE 8TH
Brooklyn Dodgers batting - Pitching for Chicago Gold Sox : RHP Jim Logan
Pitching: RHP Mike Warren
Batting: RHB Thom Wilcox 0-0: Called Strike
0-1: Ball
1-1: SINGLE (Line Drive, 56)
Batting: LHB Ray Sears 0-0: Ball
1-0: Ball
2-0: Ball
3-0: Foul Ball, location: 2F
3-1: Base on Balls
Thom Wilcox to second
Batting: LHB Pancho García 0-0: 3-RUN HOME RUN (Flyball, 9LD), Distance : 345 ft
Pitching: RHP Guillermo Pérez
Batting: RHB Ángel Vargas 0-0: Fly out, F7 (Flyball, 78S)
Batting: SHB Ted Beck 0-0: Called Strike
0-1: Ball
1-1: Ball
2-1: DOUBLE (Flyball, 9LS)
Batting: RHB Mark Hines 0-0: Called Strike
0-1: Fly out, F8 (Flyball, 8LD)
Runner from 2nd tags up, SAFE at 3rd, no throw
Pinch Hitting: RHB Rudy Jedburgh 0-0: Ball
1-0: Swinging Strike
1-1: Called Strike
1-2: Foul Ball, location: 2F
1-2: Strikes out swinging
Top of the 8th over - 3 run(s), 3 hit(s), 0 error(s), 1 left on base; Brooklyn 11 - Chicago 2
BOTTOM OF THE 8TH
Chicago Gold Sox batting - Pitching for Brooklyn Dodgers : RHP Alberto Canseco
Pitching: RHP Jonah Weaver
Batting: RHB John Hill 0-0: Called Strike
0-1: Ball
1-1: Ball
2-1: Ball
3-1: Fly out, F8 (Flyball, 8RM)
Batting: LHB Vicente Martínez 0-0: Ball
1-0: Swinging Strike
1-1: Fly out, F8 (Flyball, 8RXD)
Batting: LHB Earl Ellis 0-0: SINGLE (Groundball, 4MD)
Batting: RHB Daniel Lallanilla 0-0: Ball
1-0: Called Strike
1-1: Called Strike
1-2: Ball
2-2: Ball
3-2: Base on Balls
Earl Ellis to second
Batting: LHB Jeff Sharp 0-0: Ground out 1-3 (Groundball, 15)
Bottom of the 8th over - 0 run(s), 1 hit(s), 0 error(s), 2 left on base; Brooklyn 11 - Chicago 2
TOP OF THE 9TH
Brooklyn Dodgers batting - Pitching for Chicago Gold Sox : RHP Guillermo Pérez
Batting: LHB Adrián Rodríguez 0-0: Foul Ball, location: 2F
0-1: Fly out, F8 (Line Drive, 8LM)
Batting: LHB Egidio Agnolutto 0-0: Ball
1-0: Called Strike
1-1: Ball
2-1: Ground out 4-3 (Groundball, 4)
Batting: RHB Thom Wilcox 0-0: Ball
1-0: Fly out, F5 (Line Drive, 5S)
Top of the 9th over - 0 run(s), 0 hit(s), 0 error(s), 0 left on base; Brooklyn 11 - Chicago 2
BOTTOM OF THE 9TH
Chicago Gold Sox batting - Pitching for Brooklyn Dodgers : RHP Jonah Weaver
Batting: LHB Ron Goodwin 0-0: Swinging Strike
0-1: Ball
1-1: Foul Ball, location: 2F
1-2: Fly out, F8 (Popup, 8LS)
Pinch Hitting: RHB Tim Little 0-0: Ball
1-0: Ball
2-0: Fly out, F4 (Line Drive, 4)
Batting: LHB Salvador Vidal 0-0: Ball
1-0: Swinging Strike
1-1: Ball
2-1: Ball
3-1: Base on Balls
Batting: SHB Brent Gaines 0-0: Ball
1-0: Fly out, F6 (Popup, 56D)
Bottom of the 9th over - 0 run(s), 0 hit(s), 0 error(s), 1 left on base; Brooklyn 11 - Chicago 2
This league is powered by Out of the Park Baseball, the baseball management simulation game for PC, Mac and Linux
Thursday, April 24th, 2014 - OOTP Baseball 14.6 Build 33